[Event "2nd Goa GM Open 2019"]
[Site "Goa"]
[Date "2019.06.19"]
[Round "3.8"]
[White "Nitish Belurkar"]
[Black "Iniyan, P."]
[Result "0-1"]
[ECO "B40"]
[WhiteElo "2353"]
[BlackElo "2525"]
[Annotator "ChessBase"]
[PlyCount "104"]
[EventDate "2019.06.17"]
[EventType "swiss"]
[EventCountry "IND"]
[SourceTitle "playchess.com"]
[Source "ChessBase"]
[SourceQuality "1"]
[TimeControl "5400+30"]

1. e4 c5 2. Nf3 e6 3. c3 Nf6 4. e5 Nd5 5. d4 cxd4 6. cxd4 d6 7. a3 Bd7 8. Bd3 Bc6 9. O-O Nd7 10. b4 a6 11. Qe2 Be7 12. Bd2 N7b6 13. Nc3 Nxc3 14. Bxc3 Qd7 15. Rfc1 Bb5 16. Bd2 O-O 17. Bg5 Bxd3 18. Qxd3 Rfc8 19. Bxe7 Qxe7 20. exd6 Qxd6 21. Ne5 Rd8 22. Qf3 Qe7 23. Nc4 Nxc4 24. Rxc4 Rd7 25. Rac1 Rad8 26. g3 g6 27. h4 Kg7 28. Qf4 Qf6 29. Qe5 Rd5 30. Qxf6+ Kxf6 31. Kf1 Ke7 32. Rd1 R8d7 33. Rd3 Kd8 34. Rf3 f5 35. Rfc3 Rxd4 36. Rc8+ Ke7 37. Rh8 Kf6 38. Rf8+ Ke7 39. Rh8 Kd6 40. Ke2 e5 41. Re8 Rd5 42. Rcc8 e4 43. Rc3 Re5 44. Rec8 Ke6 45. Ke3 Red5 46. Re8+ Kf7 47. Rec8 Kf6 48. Rf8+ Kg7 49. Rfc8 Rd3+ 50. Kf4 Kh6 51. g4 Rxc3 52. Rxc3 Rd3 0-1

[Event "2nd Goa GM Open 2019"]
[Site "Goa"]
[Date "2019.06.19"]
[Round "3.9"]
[White "Anurag, Mhamal"]
[Black "Sidhant, Mohapatra"]
[Result "1/2-1/2"]
[ECO "A06"]
[WhiteElo "2497"]
[BlackElo "2351"]
[Annotator "ChessBase"]
[PlyCount "60"]
[EventDate "2019.06.17"]
[EventType "swiss"]
[EventCountry "IND"]
[SourceTitle "playchess.com"]
[Source "ChessBase"]
[SourceQuality "1"]
[TimeControl "5400+30"]

1. Nf3 d5 2. g3 c6 3. Bg2 Nf6 4. d3 Bg4 5. h3 Bh5 6. O-O Nbd7 7. Qe1 e5 8. e4 dxe4 9. dxe4 Bxf3 10. Bxf3 Bc5 11. Nd2 a5 12. a4 O-O 13. Nc4 Re8 14. Qe2 Qc7 15. Bg5 h6 16. Bd2 b6 17. Bg2 Nf8 18. Ne3 Rad8 19. c3 Ne6 20. Rad1 Bf8 21. Bc1 Nc5 22. Qc2 Rxd1 23. Rxd1 Rd8 24. Rxd8 Qxd8 25. Nc4 Qd3 26. Qxd3 Nxd3 27. Be3 b5 28. axb5 cxb5 29. Nxa5 Nxb2 30. Nb3 Nc4 1/2-1/2

[Event "2nd Goa GM Open 2019"]
[Site "Goa"]
[Date "2019.06.19"]
[Round "3.10"]
[White "Mitrabha, Guha"]
[Black "Rahman, Ziaur"]
[Result "1-0"]
[ECO "D30"]
[WhiteElo "2341"]
[BlackElo "2481"]
[Annotator "ChessBase"]
[PlyCount "109"]
[EventDate "2019.06.17"]
[EventType "swiss"]
[EventCountry "IND"]
[SourceTitle "playchess.com"]
[Source "ChessBase"]
[SourceQuality "1"]
[TimeControl "5400+30"]

1. d4 d5 2. c4 e6 3. Nf3 Nf6 4. e3 a6 5. Nbd2 c5 6. dxc5 Bxc5 7. a3 dxc4 8. Nxc4 Qxd1+ 9. Kxd1 O-O 10. b4 Ba7 11. Bb2 Nc6 12. Bd3 b5 13. Nd6 Rd8 14. Nxc8 Rxd3+ 15. Ke2 Rb3 16. Bxf6 gxf6 17. Nxa7 Rb2+ 18. Nd2 Nxa7 19. Rhb1 Rc2 20. Rc1 Rb2 21. Rc3 Rd8 22. Rd3 Rc8 23. Kd1 Rbc2 24. Rd7 Nc6 25. Kxc2 Ne5+ 26. Kb3 Nxd7 27. Ne4 Kf8 28. a4 bxa4+ 29. Rxa4 Rc6 30. Ra5 Ke7 31. Nc5 Nb8 32. Kc4 f5 33. Ra3 Rb6 34. f3 Rd6 35. Rd3 Rxd3 36. Kxd3 Kd6 37. Kc4 Kc6 38. Nxa6 Nd7 39. Nc5 Nb6+ 40. Kd4 Nd5 41. Nd3 f6 42. f4 Nc7 43. Nc5 Nb5+ 44. Kd3 e5 45. g3 Nd6 46. e4 exf4 47. gxf4 fxe4+ 48. Nxe4 Ne8 49. Kc4 f5 50. b5+ Kb6 51. Nc3 Kb7 52. Kd5 Nf6+ 53. Ke6 Ng4 54. h4 Ne3 55. Nd5 1-0

[Event "2nd Goa GM Open 2019"]
[Site "Goa"]
[Date "2019.06.19"]
[Round "3.11"]
[White "Kostenko, Petr"]
[Black "Konguvel, Ponnuswamy"]
[Result "1-0"]
[ECO "E73"]
[WhiteElo "2473"]
[BlackElo "2293"]
[Annotator "ChessBase"]
[PlyCount "69"]
[EventDate "2019.06.17"]
[EventType "swiss"]
[EventCountry "IND"]
[SourceTitle "playchess.com"]
[Source "ChessBase"]
[SourceQuality "1"]
[TimeControl "5400+30"]

1. d4 Nf6 2. c4 g6 3. Nc3 Bg7 4. e4 d6 5. Be2 Nbd7 6. Be3 e5 7. Nf3 O-O 8. d5 Ng4 9. Bg5 f6 10. Bh4 a5 11. Nd2 Nh6 12. O-O g5 13. Bg3 f5 14. exf5 Nxf5 15. Nde4 h6 16. Rc1 b6 17. Bg4 Nf6 18. Nxf6+ Qxf6 19. Nb5 Nxg3 20. hxg3 Bxg4 21. Qxg4 Rf7 22. Qh5 e4 23. Rc2 e3 24. Re2 Re8 25. f3 Ree7 26. Rfe1 Qe5 27. Kh2 Re8 28. b3 Kf8 29. Qg6 Rfe7 30. Rxe3 Qxe3 31. Rxe3 Rxe3 32. Nxc7 R8e7 33. Qxd6 Be5 34. Ne6+ Kf7 35. Qxb6 1-0

[Event "2nd Goa GM Open 2019"]
[Site "Goa"]
[Date "2019.06.19"]
[Round "3.12"]
[White "Bhambure, Shantanu"]
[Black "Neverov, Valeriy"]
[Result "0-1"]
[ECO "A50"]
[WhiteElo "2248"]
[BlackElo "2470"]
[Annotator "ChessBase"]
[PlyCount "84"]
[EventDate "2019.06.17"]
[EventType "swiss"]
[EventCountry "IND"]
[SourceTitle "playchess.com"]
[Source "ChessBase"]
[SourceQuality "1"]
[TimeControl "5400+30"]

1. d4 Nf6 2. c4 g6 3. f3 c5 4. d5 e6 5. e4 d6 6. Nc3 Bg7 7. Nge2 O-O 8. Ng3 exd5 9. cxd5 Na6 10. Be2 Nc7 11. O-O Bd7 12. a4 a6 13. Bf4 Nfe8 14. Qd2 b5 15. Bg5 f6 16. Bh6 b4 17. Nd1 Qe7 18. Bxg7 Nxg7 19. Ne3 f5 20. exf5 Rae8 21. Nc4 Nxf5 22. Nxf5 Rxf5 23. Bd3 Rxd5 24. Nb6 Rd4 25. Rfe1 Qf7 26. Nxd7 Qxd7 27. Qc2 Kg7 28. Bf1 a5 29. Red1 Rxd1 30. Rxd1 Qe6 31. Kh1 Nd5 32. Qd2 Ne3 33. Re1 d5 34. Bb5 Re7 35. b3 Qe5 36. Rc1 c4 37. h3 c3 38. Qf2 Nf5 39. Bd3 Ng3+ 40. Kg1 Ne2+ 41. Bxe2 Qxe2 42. Qd4+ Qe5 0-1

[Event "2nd Goa GM Open 2019"]
[Site "Goa"]
[Date "2019.06.19"]
[Round "3.13"]
[White "Aaryan Varshney"]
[Black "Vignesh N R"]
[Result "1/2-1/2"]
[ECO "E11"]
[WhiteElo "2196"]
[BlackElo "2459"]
[Annotator "ChessBase"]
[PlyCount "132"]
[EventDate "2019.06.17"]
[EventType "swiss"]
[EventCountry "IND"]
[SourceTitle "playchess.com"]
[Source "ChessBase"]
[SourceQuality "1"]
[TimeControl "5400+30"]

1. d4 Nf6 2. Nf3 e6 3. c4 Bb4+ 4. Bd2 c5 5. Bxb4 cxb4 6. g3 a5 7. Bg2 d6 8. O-O O-O 9. a3 Na6 10. axb4 Nxb4 11. Nc3 Qc7 12. b3 Bd7 13. Nd2 Rac8 14. e3 Rfe8 15. Qe2 b6 16. Rfd1 Qb8 17. Rac1 Rcd8 18. Nde4 Nxe4 19. Nxe4 Bc6 20. Nc3 Bxg2 21. Kxg2 Rc8 22. Qf3 Red8 23. h4 d5 24. cxd5 Nxd5 25. Nxd5 Rxd5 26. Rxc8+ Qxc8 27. e4 Rd6 28. d5 exd5 29. Rxd5 Qd8 30. Qd3 Rxd5 31. exd5 Qd6 32. Kg1 h6 33. Qe3 Kf8 34. Qd4 h5 35. Qe3 g6 36. Qe4 Qf6 37. Qe3 Qd6 38. Qe4 Kg7 39. Qd4+ Kg8 40. Qe3 Qxd5 41. Qxb6 Qe5 42. Kg2 Kg7 43. Kg1 Kh7 44. Kg2 Qe4+ 45. Kh2 Qf3 46. Kg1 Qc3 47. Kg2 Kg7 48. Kh2 Qe5 49. Kg2 Qd5+ 50. Kh2 Qd2 51. Kg2 Kf8 52. Qb7 Qc3 53. Qe4 Kg7 54. Qd5 Qa1 55. Qc5 Qe1 56. Qd4+ Kh7 57. Qd5 Qe7 58. Qxa5 Qb7+ 59. Kg1 Qxb3 60. Qe5 Qf3 61. Qe7 Kg7 62. Qe5+ Qf6 63. Qe4 Qa1+ 64. Kg2 Qf6 65. Kg1 Qa1+ 66. Kg2 Qf6 1/2-1/2

[Event "2nd Goa GM Open 2019"]
[Site "Goa"]
[Date "2019.06.19"]
[Round "3.14"]
[White "Mohammad Nubairshah Shaikh"]
[Black "Mari Arul, S.."]
[Result "1-0"]
[ECO "E32"]
[WhiteElo "2436"]
[BlackElo "2175"]
[Annotator "NA"]
[PlyCount "118"]
[EventDate "2019.06.17"]
[EventType "swiss"]
[EventCountry "IND"]
[SourceTitle "playchess.com"]
[Source "ChessBase"]
[SourceQuality "1"]
[TimeControl "5400+30"]

1. d4 Nf6 2. c4 e6 3. Nc3 Bb4 4. Qc2 O-O 5. e4 d5 6. e5 Ne4 7. Bd3 c5 8. Nge2 cxd4 9. Nxd4 Nd7 10. Bf4 Ndc5 11. O-O Bxc3 12. bxc3 Bd7 13. Be2 Na4 14. cxd5 exd5 15. c4 Rc8 16. Rac1 Nec3 17. Bd3 h6 18. cxd5 Nxd5 19. Qd2 Nxf4 20. Qxf4 Nc5 21. Bb1 Qg5 22. Qxg5 hxg5 23. g3 g6 24. Rfe1 Rfd8 25. Nf3 Ne6 26. Be4 Bc6 27. Bxc6 Rxc6 28. Rxc6 bxc6 29. h3 Rd5 30. Rc1 Ra5 31. Rxc6 Rxa2 32. Rc8+ Kg7 33. Nh2 Rd2 34. Ra8 Rd5 35. Ng4 a5 36. Kg2 Nf8 37. Kf3 Nd7 38. Ke4 Rb5 39. Ra7 Nc5+ 40. Kd5 Ne6+ 41. Kc6 Nd4+ 42. Kd7 Rd5+ 43. Ke8 Rd8+ 44. Kxd8 Nc6+ 45. Kc7 Nxa7 46. Kb6 Nc8+ 47. Kxa5 Ne7 48. Kb5 Nf5 49. Kc5 Kf8 50. Nf6 Ng7 51. Nh7+ Ke7 52. Nxg5 f6 53. exf6+ Kxf6 54. Nf3 Kf5 55. Kd5 g5 56. Nd4+ Kf6 57. Ke4 Ne8 58. Nf5 Nc7 59. Ne3 Ne8 1-0

[Event "2nd Goa GM Open 2019"]
[Site "Goa"]
[Date "2019.06.19"]
[Round "3.15"]
[White "Sammed Jaykumar, Shete"]
[Black "Mezanur, Rahman"]
[Result "1-0"]
[ECO "C50"]
[WhiteElo "2431"]
[BlackElo "1886"]
[Annotator "NA"]
[PlyCount "55"]
[EventDate "2019.06.17"]
[EventType "swiss"]
[EventCountry "IND"]
[SourceTitle "playchess.com"]
[Source "ChessBase"]
[SourceQuality "1"]
[TimeControl "5400+30"]

1. e4 e5 2. Nf3 Nc6 3. Bc4 Nf6 4. d3 Bc5 5. c3 d6 6. Bb3 a6 7. h3 Ba7 8. Nbd2 O-O 9. O-O d5 10. exd5 Nxd5 11. Ne4 h6 12. Bxh6 Be6 13. Bd2 f6 14. Nh4 g5 15. Nf3 Kg7 16. Nh2 Qd7 17. Ng3 Rh8 18. Qf3 Nce7 19. Rfe1 c6 20. Nh5+ Kg6 21. Nxf6 Nxf6 22. Rxe5 Bxb3 23. Rxg5+ Kf7 24. Ng4 Qd6 25. axb3 Rag8 26. Bf4 Qe6 27. Re5 Qd7 28. Bg5 1-0

[Event "2nd Goa GM Open 2019"]
[Site "Goa"]
[Date "2019.06.19"]
[Round "3.18"]
[White "Idani, Pouya"]
[Black "Pranesh M"]
[Result "1-0"]
[ECO "A35"]
[WhiteElo "2597"]
[BlackElo "2328"]
[Annotator "ChessBase"]
[PlyCount "135"]
[EventDate "2019.06.17"]
[EventType "swiss"]
[EventCountry "IND"]
[SourceTitle "playchess.com"]
[Source "ChessBase"]
[SourceQuality "1"]
[TimeControl "5400+30"]

1. Nf3 Nf6 2. c4 c5 3. Nc3 Nc6 4. d4 cxd4 5. Nxd4 d6 6. e4 e6 7. Be2 Be7 8. O-O O-O 9. Be3 a6 10. Qd2 Bd7 11. f3 Qc7 12. Rac1 Rfc8 13. Rfd1 Kh8 14. Bf1 Nxd4 15. Bxd4 Qa5 16. Qf2 Qh5 17. a4 Be8 18. b3 Nd7 19. Rb1 a5 20. Bd3 Nc5 21. Bc2 Bc6 22. Rd2 b6 23. Re1 f6 24. f4 Re8 25. Re3 e5 26. Rh3 Qg6 27. f5 Qf7 28. Be3 Rf8 29. Qg3 Be8 30. Nd5 Bd8 31. Bxc5 bxc5 32. Rd3 g5 33. fxg6 Qxg6 34. Qf2 Bd7 35. Rdg3 Qf7 36. Rh6 Be6 37. Bd1 f5 38. Bh5 Qd7 39. Bg6 f4 40. Bxh7 Qxh7 41. Rxh7+ Kxh7 42. Qf3 Kh6 43. Rh3+ Bxh3 44. Qxh3+ Kg5 45. Qh7 Bf6 46. h4+ Kg4 47. Qg6+ Kxh4 48. Nxf6 Rxf6 49. Qxf6+ Kg4 50. Qxd6 f3 51. Qxe5 fxg2 52. Kxg2 Ra6 53. Qxc5 Rg6 54. Kf2 Rf6+ 55. Ke2 Rf4 56. Qd5 Kh4 57. c5 Kg4 58. c6 Kg3 59. Qg5+ Rg4 60. Qxg4+ Kxg4 61. c7 Kf4 62. Kd3 Ke5 63. c8=Q Kf4 64. Qf5+ Kg3 65. Ke3 Kh4 66. Qg6 Kh3 67. Kf3 Kh2 68. Qg2# 1-0

[Event "2nd Goa GM Open 2019"]
[Site "Goa"]
[Date "2019.06.19"]
[Round "3.19"]
[White "Stupak, Kirill"]
[Black "Abhishek, Kelkar"]
[Result "1/2-1/2"]
[ECO "D16"]
[WhiteElo "2584"]
[BlackElo "2323"]
[Annotator "ChessBase"]
[PlyCount "67"]
[EventDate "2019.06.17"]
[EventType "swiss"]
[EventCountry "IND"]
[SourceTitle "playchess.com"]
[Source "ChessBase"]
[SourceQuality "1"]
[TimeControl "5400+30"]

1. d4 d5 2. Nf3 Nf6 3. c4 c6 4. Nc3 dxc4 5. a4 e6 6. e3 c5 7. Bxc4 Nc6 8. O-O Be7 9. dxc5 Qxd1 10. Rxd1 Bxc5 11. h3 O-O 12. e4 e5 13. Bg5 h6 14. Bxf6 gxf6 15. Nb5 Rb8 16. Rac1 Bb6 17. Nd6 Be6 18. Bxe6 fxe6 19. Nxb7 Nd4 20. Nxd4 Bxd4 21. Rc7 Rf7 22. Rxf7 Kxf7 23. Nd6+ Ke7 24. Nb5 Bb6 25. Rd3 a6 26. Na3 Rc8 27. Rc3 Rxc3 28. bxc3 Ba5 29. Nb1 Kd6 30. Kh2 Kc5 31. Kg3 Kc4 32. Kg4 Bb6 33. f3 Be3 34. Kh5 1/2-1/2

[Event "2nd Goa GM Open 2019"]
[Site "Goa"]
[Date "2019.06.19"]
[Round "3.20"]
[White "Anuj Shrivatri"]
[Black "Jojua, Davit"]
[Result "0-1"]
[ECO "E62"]
[WhiteElo "2336"]
[BlackElo "2580"]
[Annotator "ChessBase"]
[PlyCount "66"]
[EventDate "2019.06.17"]
[EventType "swiss"]
[EventCountry "IND"]
[SourceTitle "playchess.com"]
[Source "ChessBase"]
[SourceQuality "1"]
[TimeControl "5400+30"]

1. d4 Nf6 2. c4 g6 3. g3 Bg7 4. Bg2 O-O 5. Nf3 d6 6. Nc3 Nc6 7. O-O e5 8. dxe5 dxe5 9. Bg5 Be6 10. Nd2 Qb8 11. Qa4 Nd7 12. Bxc6 bxc6 13. Qxc6 Qxb2 14. Nd5 e4 15. Rab1 Qxa2 16. Rfe1 h6 17. Bf4 Nb6 18. Nb4 Qa4 19. Nxe4 Qxc6 20. Nxc6 Rfe8 21. Bxc7 Nxc4 22. Nd6 Nxd6 23. Bxd6 a5 24. e4 a4 25. e5 a3 26. Ra1 a2 27. f4 Ra6 28. Nb4 Ra4 29. Nd3 Rd4 30. Nb4 Rd2 31. Red1 Rxd1+ 32. Rxd1 Rd8 33. Nc2 Bb3 0-1

[Event "2nd Goa GM Open 2019"]
[Site "Goa"]
[Date "2019.06.19"]
[Round "3.21"]
[White "Turov, Maxim"]
[Black "Neelash Saha"]
[Result "1/2-1/2"]
[ECO "D38"]
[WhiteElo "2579"]
[BlackElo "2315"]
[Annotator "ChessBase"]
[PlyCount "61"]
[EventDate "2019.06.17"]
[EventType "swiss"]
[EventCountry "IND"]
[SourceTitle "playchess.com"]
[Source "ChessBase"]
[SourceQuality "1"]
[TimeControl "5400+30"]

1. d4 Nf6 2. Nf3 e6 3. c4 d5 4. Nc3 Bb4 5. Bg5 h6 6. Bxf6 Qxf6 7. Qa4+ Nc6 8. e3 O-O 9. Rd1 Rd8 10. Qb3 Qg6 11. h3 a6 12. Bd3 Qf6 13. O-O dxc4 14. Qxc4 Bd6 15. Ne4 Qe7 16. a3 e5 17. d5 Nb8 18. Nxd6 cxd6 19. Rc1 Nd7 20. Qc7 Kf8 21. Bb1 Nf6 22. Qa5 Bd7 23. Rc7 Rab8 24. Rfc1 Ne8 25. R7c3 Rdc8 26. Qb4 Rxc3 27. Rxc3 b6 28. Nd2 a5 29. Qb3 b5 30. Qc2 Qd8 31. b4 1/2-1/2

[Event "2nd Goa GM Open 2019"]
[Site "Goa"]
[Date "2019.06.19"]
[Round "3.22"]
[White "Navalgund, Niranjan"]
[Black "Tukhaev, Adam"]
[Result "0-1"]
[ECO "E56"]
[WhiteElo "2326"]
[BlackElo "2527"]
[Annotator "ChessBase"]
[PlyCount "76"]
[EventDate "2019.06.17"]
[EventType "swiss"]
[EventCountry "IND"]
[SourceTitle "playchess.com"]
[Source "ChessBase"]
[SourceQuality "1"]
[TimeControl "5400+30"]

1. d4 Nf6 2. c4 e6 3. Nc3 Bb4 4. e3 O-O 5. Bd3 c5 6. Nf3 d5 7. O-O Nc6 8. cxd5 exd5 9. dxc5 Bxc5 10. a3 Bg4 11. Be2 a6 12. b4 Ba7 13. b5 Na5 14. h3 Bh5 15. bxa6 bxa6 16. Nd4 Bg6 17. Bd2 Re8 18. Qa4 Bb6 19. Ra2 Bc7 20. f4 h5 21. Nd1 Nb7 22. Qc6 Nd6 23. f5 Bh7 24. Be1 Bb6 25. Bg3 Nde4 26. Bf4 Rc8 27. Qa4 Nc5 28. Qb4 Nfe4 29. Rc2 Ba5 30. Qb2 h4 31. Kh2 Ng3 32. Bxg3 hxg3+ 33. Kg1 Qd6 34. Qc1 Rc7 35. Nb2 Bb6 36. a4 Nb3 37. Qd1 Rxe3 38. Nxb3 Rxe2+ 0-1

[Event "2nd Goa GM Open 2019"]
[Site "Goa"]
[Date "2019.06.19"]
[Round "3.23"]
[White "Burmakin, Vladimir"]
[Black "Mithil, Ajgaonkar"]
[Result "1-0"]
[ECO "A06"]
[WhiteElo "2526"]
[BlackElo "2311"]
[Annotator "ChessBase"]
[PlyCount "194"]
[EventDate "2019.06.17"]
[EventType "swiss"]
[EventCountry "IND"]
[SourceTitle "playchess.com"]
[Source "ChessBase"]
[SourceQuality "1"]
[TimeControl "5400+30"]

1. Nf3 d5 2. g3 Nf6 3. Bg2 Bf5 4. c4 c6 5. Qb3 Qc7 6. d3 e6 7. O-O Be7 8. Nc3 Nbd7 9. cxd5 exd5 10. Bf4 Qb6 11. Qc2 O-O 12. e4 Bg4 13. Be3 Qd8 14. exd5 cxd5 15. Nd4 Nc5 16. h3 Bd7 17. b4 Ne6 18. Qb3 a5 19. bxa5 Nc5 20. Qc2 Qxa5 21. Nb3 Nxb3 22. Qxb3 Bc6 23. Bd4 Rfc8 24. Rab1 Qd8 25. Bxf6 Bxf6 26. Nxd5 Bxd5 27. Bxd5 Rc7 28. Rfe1 g6 29. Re4 Rd7 30. Rbe1 Kg7 31. Bc4 Qa5 32. R1e2 Qa3 33. Qb5 Rc7 34. Rf4 Qd6 35. h4 h5 36. Re3 Rf8 37. d4 Qc6 38. d5 Qxb5 39. Bxb5 Rc5 40. Bc4 Rfc8 41. Bb3 Rc3 42. Rxc3 Rxc3 43. d6 Rc6 44. d7 Rd6 45. Ba4 Bd8 46. Rb4 b6 47. Bb5 Kf8 48. a4 Ke7 49. Rc4 Re6 50. Kf1 Re5 51. f3 Re6 52. g4 Re5 53. g5 Re6 54. Kf2 f5 55. Kg3 Re1 56. Rc2 Re6 57. Kf4 Re1 58. Rc6 Re6 59. Rc1 Kf8 60. Kg3 Ke7 61. Kf2 Kf8 62. f4 Ke7 63. Kf3 Re4 64. Rc2 Re6 65. Rc4 Re1 66. Rc6 Re6 67. Rc1 Re4 68. Rd1 Re6 69. Rd5 Rd6 70. Re5+ Re6 71. Bc4 Rxe5 72. fxe5 Bc7 73. Kf4 Kf8 74. Be6 Ke7 75. Bc4 Bb8 76. Bf7 Kxd7 77. Bxg6 Ke6 78. Bxf5+ Kd5 79. Bg6 Ke6 80. Bxh5 Bxe5+ 81. Kg4 Ke7 82. Bg6 Bc3 83. h5 Bd2 84. Bf5 Kf8 85. h6 Kg8 86. Kh5 Bc3 87. g6 Kf8 88. g7+ Bxg7 89. hxg7+ Kxg7 90. Bd3 Kf6 91. Kg4 Ke5 92. Bb5 Ke4 93. Be8 Ke5 94. Kf3 Kf5 95. Ke3 Ke5 96. Kd3 Kd5 97. Kc3 Kc5 1-0

[Event "2nd Goa GM Open 2019"]
[Site "Goa"]
[Date "2019.06.19"]
[Round "3.24"]
[White "Malakhatko, Vadim"]
[Black "Kathmale, Sameer"]
[Result "1-0"]
[ECO "E97"]
[WhiteElo "2505"]
[BlackElo "2307"]
[Annotator "ChessBase"]
[PlyCount "109"]
[EventDate "2019.06.17"]
[EventType "swiss"]
[EventCountry "IND"]
[SourceTitle "playchess.com"]
[Source "ChessBase"]
[SourceQuality "1"]
[TimeControl "5400+30"]

1. Nf3 Nf6 2. c4 g6 3. Nc3 Bg7 4. d4 O-O 5. e4 d6 6. Be2 e5 7. O-O Nc6 8. d5 Ne7 9. a4 a5 10. Ne1 Nd7 11. Nd3 f5 12. f3 f4 13. b3 g5 14. Ba3 b6 15. b4 axb4 16. Bxb4 Nb8 17. Nb5 Na6 18. Bc3 c6 19. dxc6 Nxc6 20. Nf2 Be6 21. Qxd6 Qxd6 22. Nxd6 Nc5 23. Rfb1 Rfd8 24. Nb5 Rd7 25. Bf1 Bf8 26. Be1 Rxa4 27. Nc3 Rxa1 28. Rxa1 Nd4 29. Ra2 Kg7 30. Nd5 Rb7 31. Bc3 h5 32. h4 Kh6 33. hxg5+ Kxg5 34. Kh2 Bd6 35. Nxf4 Nxf3+ 36. gxf3 exf4 37. Nh3+ Kh6 38. e5 Bb8 39. Nxf4 Bf5 40. Nd5 b5 41. cxb5 Nd3 42. Ra6+ Kg7 43. f4 Rxb5 44. Ne3 Be4 45. Ra4 Rb3 46. Rxe4 Rxc3 47. Nf5+ Kg6 48. Nh4+ Kg7 49. Bxd3 Rxd3 50. Kg2 Rd5 51. Nf5+ Kf7 52. Kf3 Rd8 53. Rb4 h4 54. Rb7+ Ke6 55. Ke4 {[%emt 0:00:19] Kd5+} 1-0

[Event "2nd Goa GM Open 2019"]
[Site "Goa"]
[Date "2019.06.19"]
[Round "3.25"]
[White "Gagare, Shardul"]
[Black "Gajwa Ankit"]
[Result "1/2-1/2"]
[ECO "A05"]
[WhiteElo "2482"]
[BlackElo "2273"]
[Annotator "ChessBase"]
[PlyCount "79"]
[EventDate "2019.06.17"]
[EventType "swiss"]
[EventCountry "IND"]
[SourceTitle "playchess.com"]
[Source "ChessBase"]
[SourceQuality "1"]
[TimeControl "5400+30"]

1. Nf3 Nf6 2. g3 g6 3. Bg2 Bg7 4. O-O O-O 5. c4 d6 6. Nc3 e5 7. d3 h6 8. Rb1 a5 9. a3 Re8 10. b4 axb4 11. axb4 e4 12. dxe4 Nxe4 13. Nxe4 Rxe4 14. c5 Nc6 15. b5 Nd4 16. e3 Nxf3+ 17. Bxf3 Rc4 18. cxd6 Bf5 19. e4 Bh3 20. Bg2 Bxg2 21. Kxg2 Qxd6 22. Qxd6 cxd6 23. Bf4 Ra2 24. Bxd6 Rxe4 25. Kf3 Rc4 26. Rfc1 Rxc1 27. Rxc1 Rb2 28. Rc8+ Kh7 29. Rc5 g5 30. Rd5 Bc3 31. Bc7 Kg6 32. g4 f6 33. Bg3 h5 34. gxh5+ Kxh5 35. h4 Rd2 36. Rc5 Bd4 37. Rd5 Bc3 38. Rc5 Bd4 39. Rd5 Bc3 40. Rc5 1/2-1/2

[Event "2nd Goa GM Open 2019"]
[Site "Goa"]
[Date "2019.06.19"]
[Round "3.26"]
[White "Kunte, Abhijit"]
[Black "Bharat Kumar Reddy Poluri"]
[Result "1-0"]
[ECO "E06"]
[WhiteElo "2478"]
[BlackElo "2270"]
[Annotator "ChessBase"]
[PlyCount "88"]
[EventDate "2019.06.17"]
[EventType "swiss"]
[EventCountry "IND"]
[SourceTitle "playchess.com"]
[Source "ChessBase"]
[SourceQuality "1"]
[TimeControl "5400+30"]

1. Nf3 d5 2. d4 e6 3. c4 Nf6 4. g3 Be7 5. Bg2 O-O 6. O-O dxc4 7. Qc2 a6 8. a4 Bd7 9. Bg5 Bc6 10. Rd1 Nbd7 11. Nbd2 h6 12. Bxf6 Nxf6 13. Nxc4 Be4 14. Qc1 Bb4 15. Nfe5 Bxg2 16. Kxg2 Qe7 17. Nd3 Rfd8 18. Qe3 Rac8 19. Rac1 c5 20. Nxb4 cxb4 21. a5 Qe8 22. Qb3 Qe7 23. Qf3 Rc7 24. e4 Rcd7 25. Qe3 Ng4 26. Qe2 Nf6 27. e5 Nd5 28. Nd6 Rc7 29. h4 Rdd7 30. Qd2 Qd8 31. Rxc7 Qxc7 32. Rc1 Qxa5 33. Rc8+ Kh7 34. Qd3+ g6 35. h5 Ne7 36. Rc5 Qb6 37. hxg6+ fxg6 38. Qb3 Nd5 39. Qf3 Qd8 40. Rc8 Qe7 41. Re8 Qg7 42. Rxe6 Nc7 43. Rf6 Qe7 44. Rf8 Nd5 1-0

[Event "2nd Goa GM Open 2019"]
[Site "Goa"]
[Date "2019.06.19"]
[Round "3.27"]
[White "Rathanvel, V S"]
[Black "Vasquez Schroeder, Rodrigo"]
[Result "1-0"]
[ECO "C77"]
[WhiteElo "2314"]
[BlackElo "2476"]
[Annotator "ChessBase"]
[PlyCount "215"]
[EventDate "2019.06.17"]
[EventType "swiss"]
[EventCountry "IND"]
[SourceTitle "playchess.com"]
[Source "ChessBase"]
[SourceQuality "1"]
[TimeControl "5400+30"]

1. e4 e5 2. Nf3 Nc6 3. Bb5 a6 4. Ba4 Nf6 5. d3 b5 6. Bb3 Be7 7. c3 d6 8. Nbd2 O-O 9. O-O Na5 10. Bc2 c5 11. Qe2 Qc7 12. Rd1 Re8 13. Nf1 h6 14. Ng3 Bf8 15. h3 Bb7 16. Nf5 d5 17. N3h4 Rad8 18. Re1 d4 19. Qf3 Re6 20. Qg3 Kh7 21. Nf3 Rc8 22. Qh4 Kg8 23. Bd2 dxc3 24. bxc3 Nh7 25. Rad1 Rce8 26. Bb1 Bc8 27. d4 Nc4 28. Nxe5 Nxe5 29. dxe5 Rxe5 30. f4 Bxf5 31. fxe5 Be6 32. Qg3 Kh8 33. Be3 Be7 34. Rd6 Ra8 35. Red1 Nf8 36. Qf2 Ng6 37. Qg3 Bh4 38. Qf3 Nxe5 39. Qh5 Bf6 40. Bf4 Ng6 41. Bh2 Qe7 42. e5 Bg5 43. Bxg6 fxg6 44. Qxg6 Re8 45. Rxa6 b4 46. cxb4 cxb4 47. Kh1 Bc4 48. Rad6 Bf7 49. Qb1 Qa7 50. Qxb4 Qxa2 51. Qe4 Bb3 52. Qb1 Qa4 53. R6d4 Qb5 54. R1d3 Bc4 55. Qxb5 Bxb5 56. Rb3 Be2 57. Rb2 Bh5 58. Rdb4 Kh7 59. Rb8 Re7 60. R2b7 Re6 61. Rb6 Re7 62. R8b7 Re8 63. Bg3 Be3 64. Rb3 Bd4 65. Kh2 Bxe5 66. Bxe5 Rxe5 67. R3b5 Rxb5 68. Rxb5 Be2 69. Rb6 g5 70. Kg3 Kg7 71. Kf2 Bc4 72. Rd6 Bb5 73. Kf3 Bf1 74. Rb6 Bc4 75. Kg4 Be2+ 76. Kf5 Bd3+ 77. Ke5 Bf1 78. Rb2 Kg6 79. Rf2 Bc4 80. Rf6+ Kg7 81. Rf2 Kg6 82. Ke4 Bb5 83. Kf3 h5 84. Rb2 Bc6+ 85. Ke3 Kf5 86. Rc2 Bb7 87. Rc5+ Kf6 88. g3 Kg6 89. Kf2 Be4 90. Ra5 Bf5 91. Kg2 Be4+ 92. Kf2 Bf5 93. h4 gxh4 94. gxh4 Bg4 95. Ke3 Kf6 96. Kf4 Be2 97. Rc5 Bg4 98. Rc6+ Kf7 99. Kg5 Be2 100. Rc7+ Ke6 101. Kg6 Bg4 102. Rc1 Ke5 103. Re1+ Kf4 104. Kf6 Bh3 105. Rb1 Bg4 106. Rb4+ Kg3 107. Kg5 Kh3 108. Rb8 1-0

[Event "2nd Goa GM Open 2019"]
[Site "Goa"]
[Date "2019.06.19"]
[Round "3.28"]
[White "Nguyen, Van Huy"]
[Black "Mahalakshmi, M."]
[Result "1-0"]
[ECO "E11"]
[WhiteElo "2456"]
[BlackElo "2245"]
[Annotator "ChessBase"]
[PlyCount "86"]
[EventDate "2019.06.17"]
[EventType "swiss"]
[EventCountry "IND"]
[SourceTitle "playchess.com"]
[Source "ChessBase"]
[SourceQuality "1"]
[TimeControl "5400+30"]

1. d4 Nf6 2. c4 e6 3. Nf3 Bb4+ 4. Nbd2 O-O 5. g3 b6 6. Bg2 Bb7 7. O-O a5 8. Qc2 Bxd2 9. Bxd2 Be4 10. Qc3 d6 11. Rfd1 Nbd7 12. Bf1 Re8 13. Ne1 Bb7 14. f3 e5 15. e4 exd4 16. Qxd4 Qe7 17. Bc3 Rad8 18. Bg2 Qe5 19. Nc2 Qxd4+ 20. Bxd4 Ne5 21. Ne3 Nfd7 22. b3 Nc5 23. Rd2 f6 24. Rad1 Kf7 25. Kf2 Ra8 26. Bf1 Nc6 27. Bxc5 bxc5 28. Nd5 Re7 29. Nxe7 Kxe7 30. f4 a4 31. Bg2 axb3 32. axb3 Nd4 33. b4 Ra3 34. e5 Bxg2 35. exd6+ cxd6 36. Kxg2 Rc3 37. Ra1 Kf7 38. b5 Rxc4 39. Rb2 Rb4 40. Rxb4 cxb4 41. b6 b3 42. b7 b2 43. Ra7 Ke6 1-0

[Event "2nd Goa GM Open 2019"]
[Site "Goa"]
[Date "2019.06.19"]
[Round "3.30"]
[White "Karthikeyan, P.."]
[Black "Deshpande, Aniruddha"]
[Result "1/2-1/2"]
[ECO "A20"]
[WhiteElo "2445"]
[BlackElo "2242"]
[Annotator "NA"]
[PlyCount "46"]
[EventDate "2019.06.17"]
[EventType "swiss"]
[EventCountry "IND"]
[SourceTitle "playchess.com"]
[Source "ChessBase"]
[SourceQuality "1"]
[TimeControl "5400+30"]

1. c4 e5 2. g3 Nf6 3. Bg2 d5 4. cxd5 Nxd5 5. Nf3 Nc6 6. O-O Nb6 7. b3 Bd6 8. Bb2 O-O 9. Nc3 f5 10. Nb5 Be6 11. Rc1 Qe7 12. d4 e4 13. Ne5 Nb4 14. Ba3 N6d5 15. Qd2 a5 16. Nc4 b6 17. f3 Bd7 18. Nbxd6 cxd6 19. fxe4 fxe4 20. Ne3 Qg5 21. Nc4 Qe7 22. Ne3 Qg5 23. Nc4 Qe7 1/2-1/2